Map: Romanticide LE

Players

HellraiseR

  • Race: Protoss Protoss
  • League: Master
  • Spawn Location: 11:00

Denver - Winner!

  • Race: Zerg Zerg
  • League: Grandmaster
  • Spawn Location: 5:00

Event: DreamHack SC2 Masters 2020 Winter

VOD

Have the link to the VOD?

Description

Time

  • Played on: Oct. 27, 2020, 1:30 p.m.
  • Length: 15:30

All games in this series

Show
View Real Time Build Order
Export as new Build Order

HellraiseR Protoss 

Build Orders: 1 Gate Expand, Oracle Opening 

Get SALT Encoding   

  12  0:00  Probe  
  13  0:12  Probe  
  14  0:19  Pylon  
  14  0:24  Probe (Chrono Boost)  
  15  0:38  Gateway  
  15  0:39  Probe (Chrono Boost)  
  16  0:45  Probe (Chrono Boost)  
  16  0:47  Assimilator  
  17  0:53  Probe  
  18  1:05  Probe  
  19  1:17  Probe  
  20  1:25  Nexus  
  20  1:34  Cybernetics Core  
  20  1:35  Probe  
  21  1:44  Assimilator  
  21  1:47  Probe  
  21  1:51  Pylon  
  22  1:59  Probe  
  23  2:07  Adept (Chrono Boost), Probe  
  26  2:15  Probe  
  26  2:18  Stargate  
  27  2:27  Probe (Chrono Boost)  
  27  2:28  Warp Gate  
  28  2:37  Probe (Chrono Boost)  
  29  2:38  Stalker  
  32  2:44  Probe (Chrono Boost)  
  32  2:46  Probe (Chrono Boost)  
  32  2:50  Probe (Chrono Boost)  
  32  2:51  Probe (Chrono Boost)  
  35  3:02  Oracle (Chrono Boost)  
  35  3:03  Gateway, Probe  
  39  3:07  Probe  
  40  3:15  Probe  
  40  3:16  Pylon  
  40  3:19  Probe  
  42  3:20  Assimilator  
  42  3:25  Void Ray (Chrono Boost)  
  42  3:27  Probe  
  42  3:31  Probe  
  44  3:38  Assimilator  
  44  3:39  Probe  
  49  3:43  Probe  
  49  3:48  Pylon  
  50  3:51  Probe  
  51  3:57  Twilight Council  
  51  4:02  Gateway x2  
  51  4:03  Probe  
  51  4:06  Oracle (Chrono Boost)  
  55  4:17  Probe x2  
  55  4:21  Adept  
  55  4:22  Adept  
  55  4:24  Pylon  
  61  4:29  Probe  
  62  4:35  Pylon  
  62  4:42  Oracle  
  65  4:46  Resonating Glaives (Chrono Boost)  
  65  4:51  Nexus  
  65  4:59  Adept x2  
  69  5:02  Adept  
  69  5:04  Adept  
  73  5:08  Pylon  
  73  5:09  Probe  
  74  5:20  Probe  
  74  5:24  Adept x2  
  74  5:27  Pylon  
  78  5:29  Robotics Facility  
  78  5:32  Adept  
  78  5:33  Adept  
  82  5:38  Probe  
  82  5:42  Probe  
  84  5:44  Pylon  
  84  5:45  Adept  
  84  5:46  Adept  
  88  5:52  Probe  
  88  5:56  Forge  
  89  6:00  Probe (Chrono Boost)  
  89  6:02  Probe (Chrono Boost)  
  89  6:03  Sentry  
  89  6:04  Sentry  
  95  6:10  Probe (Chrono Boost)  
  97  6:11  Probe (Chrono Boost)  
  97  6:13  Probe (Chrono Boost)  
  91  6:19  Probe (Chrono Boost)  
  91  6:20  Adept x2, Probe (Chrono Boost)  
  91  6:22  Probe  
  94  6:30  Probe (Chrono Boost)  
  96  6:34  Protoss Ground Weapons Level 1 (Chrono Boost)  
  96  6:35  Probe (Chrono Boost), Sentry x2  
  96  6:39  Probe (Chrono Boost)  
  101  6:42  Probe (Chrono Boost)  
  104  6:47  Probe x2 (Chrono Boost)  
  104  6:48  Probe (Chrono Boost), Immortal (Chrono Boost)  
  104  6:50  Sentry x2  
  108  6:56  Probe x2  
  108  6:58  Probe  
  108  6:59  Stalker  
  108  7:00  Stalker  
  115  7:05  Pylon  
  115  7:06  Photon Cannon  
  115  7:08  Probe x2  
  117  7:16  Pylon, Probe  
  115  7:24  Immortal (Chrono Boost)  
  115  7:25  Assimilator  
  115  7:26  Assimilator  
  118  7:30  Blink (Chrono Boost)  
  118  7:31  Gateway  
  118  7:32  Gateway  
  118  7:33  Gateway  
  118  7:37  Gateway  
  118  7:38  Probe x2  
  118  7:40  Probe  
  121  7:47  Sentry  
  121  7:50  Probe  
  124  7:54  Immortal (Chrono Boost)  
  128  8:02  Photon Cannon  
  128  8:03  Robotics Bay, Photon Cannon  
  128  8:12  Stalker x2  
  132  8:16  Pylon  
  132  8:18  Pylon  
  122  8:30  Stalker x4, Sentry  
  132  8:36  Protoss Ground Weapons Level 2 (Chrono Boost)  
  132  8:39  Observer (Chrono Boost)  
  133  8:51  Warp Prism (Chrono Boost), Nexus  
  133  8:54  Pylon  
  133  9:14  Stalker x8  
  149  9:25  Nexus  
  146  9:32  Probe x2  
  146  9:33  Probe  
  142  9:38  Phoenix (Chrono Boost)  
  142  9:44  Probe  
  145  9:52  Stalker x3  
  149  9:53  Stalker x3  
  157  10:01  Pylon, Probe  
  157  10:02  Stargate, Probe  
  157  10:09  Shield Battery  
  157  10:19  Probe  
  157  10:20  Probe x2  
  160  10:22  Sentry  
  153  10:36  Stalker x6  
  167  10:44  Stalker, Phoenix (Chrono Boost)  
  167  10:57  Phoenix (Chrono Boost)  
  167  10:59  Pylon  
  166  11:10  Shield Battery  
  169  11:12  Phoenix (Chrono Boost)  
  164  11:18  Phoenix  
  164  11:24  Probe  
  132  11:32  Phoenix, Probe x2  
  126  11:43  Probe (Chrono Boost)  
  126  11:44  Probe (Chrono Boost)  
  126  11:45  Probe (Chrono Boost)  
  129  11:52  Phoenix  
  131  11:55  Probe (Chrono Boost)  
  131  11:56  Probe (Chrono Boost)  
  131  11:57  Phoenix, Probe (Chrono Boost)  
  131  11:59  Colossus (Chrono Boost)  
  131  12:00  Probe x2 (Chrono Boost)  
  134  12:05  Probe (Chrono Boost)  
  143  12:10  Probe (Chrono Boost)  
  143  12:12  Probe (Chrono Boost)  
  146  12:17  Phoenix, Probe (Chrono Boost)  
  146  12:20  Probe x2 (Chrono Boost)  
  146  12:22  Phoenix, Probe (Chrono Boost)  
  148  12:25  Probe (Chrono Boost)  
  148  12:29  Probe  
  150  12:32  Probe  
  152  12:55  Phoenix x2  
  152  12:56  Nexus  
  156  13:05  Pylon  
  156  13:09  Pylon  
  156  13:19  Probe  
  155  13:25  Stalker x4  
  155  13:26  Probe  
  146  13:31  Probe  
  147  13:45  Colossus (Chrono Boost)  
  149  13:50  Sentry  
  149  13:51  Sentry x2  
  155  13:58  Sentry x3  
  155  13:59  Sentry  
  155  14:00  Sentry  
  165  14:09  Probe  
  167  14:10  Pylon, Probe x3  
  169  14:17  Sentry  
  169  14:18  Sentry  
  169  14:21  Sentry x3  
  169  14:22  Probe  
  169  14:23  Observer (Chrono Boost)  
  160  14:49  Stalker x4  
  89  15:15  Stalker x5  
Show
View Real Time Build Order
Export as new Build Order

Denver Zerg - Winner!

Build Orders: Hatch First, Muta Ling Bane 

Get SALT Encoding   

  12  0:00  Drone  
  13  0:12  Overlord  
  13  0:18  Drone  
  14  0:31  Drone x2  
  16  0:47  Hatchery  
  15  0:51  Drone  
  15  0:54  Drone  
  17  0:59  Drone  
  18  1:08  Extractor  
  17  1:16  Spawning Pool  
  16  1:18  Drone  
  16  1:21  Drone  
  18  1:29  Drone  
  19  1:39  Drone  
  20  1:50  Overlord  
  20  2:03  Queen x2  
  20  2:04  Zergling x4  
  26  2:10  Metabolic Boost  
  26  2:14  Drone  
  27  2:18  Drone  
  28  2:23  Drone x2  
  30  2:39  Hatchery  
  30  2:42  Drone  
  30  2:44  Drone  
  30  2:47  Drone  
  30  2:51  Overlord  
  32  2:55  Drone x2  
  34  3:06  Queen  
  34  3:09  Drone x2  
  34  3:12  Drone x2  
  39  3:15  Overlord  
  39  3:18  Drone  
  39  3:19  Drone  
  41  3:24  Queen  
  43  3:28  Spore Crawler  
  43  3:29  Drone  
  43  3:34  Drone, Spore Crawler  
  42  3:36  Drone  
  44  3:42  Overlord  
  44  3:46  Drone x3  
  47  3:52  Queen  
  47  3:54  Drone x2  
  51  3:57  Overlord  
  51  4:01  Overlord  
  51  4:04  Overlord  
  51  4:07  Spore Crawler  
  50  4:13  Drone x3  
  50  4:14  Overlord  
  53  4:23  Drone x4  
  57  4:25  Lair  
  57  4:33  Roach Warren  
  57  4:37  Zergling x10  
  61  4:39  Drone x2  
  61  4:43  Extractor  
  61  4:44  Extractor, Overlord  
  61  4:47  Drone x3  
  61  4:48  Drone  
  63  4:53  Drone  
  63  4:58  Drone x3  
  67  5:00  Drone  
  67  5:01  Drone  
  67  5:05  Drone x3  
  72  5:11  Extractor  
  71  5:15  Roach x6  
  71  5:19  Overlord  
  84  5:21  Roach x2  
  84  5:26  Glial Reconstitution  
  84  5:28  Zergling x6  
  89  5:39  Drone x4  
  89  5:40  Overseer  
  89  5:41  Extractor  
  92  5:43  Drone x2  
  92  5:45  Extractor, Overlord  
  92  5:46  Evolution Chamber  
  92  5:47  Drone x3  
  92  5:48  Drone  
  96  5:55  Overlord  
  96  6:03  Drone x3  
  99  6:06  Pneumatized Carapace  
  99  6:07  Hatchery  
  98  6:12  Roach x4  
  98  6:13  Roach  
  98  6:14  Overlord  
  107  6:25  Roach x5  
  112  6:36  Roach x5  
  112  6:37  Zerg Missile Weapons Level 1  
  122  6:40  Overlord  
  122  6:43  Overlord  
  122  6:46  Spore Crawler  
  119  6:47  Overlord  
  119  6:49  Overlord  
  119  6:56  Zergling x2  
  119  6:57  Zergling x4  
  119  7:01  Overlord  
  122  7:02  Drone x6  
  122  7:08  Drone  
  129  7:10  Hatchery, Spire  
  129  7:12  Drone x3  
  129  7:14  Drone x2  
  130  7:23  Drone  
  130  7:24  Drone x5  
  136  7:35  Roach x6  
  148  7:37  Overlord  
  148  7:44  Overlord  
  148  7:45  Ravager  
  148  7:46  Ravager x3  
  148  8:01  Overseer  
  148  8:03  Zergling x18  
  156  8:25  Mutalisk  
  156  8:26  Mutalisk x7  
  166  8:29  Drone x3  
  166  8:33  Zerg Flyer Weapons Level 1  
  169  8:36  Mutalisk  
  169  8:37  Overlord  
  169  8:39  Drone x4, Extractor  
  174  8:42  Baneling Nest  
  174  8:44  Overlord  
  174  8:45  Extractor  
  174  8:46  Zerg Melee Weapons Level 1  
  174  8:48  Zergling x16  
  180  8:49  Spore Crawler  
  161  9:11  Zergling x12  
  161  9:12  Zergling x16  
  168  9:23  Zergling x2  
  168  9:24  Zergling x10  
  171  9:25  Centrifical Hooks  
  171  9:37  Mutalisk x8  
  181  9:45  Overlord  
  181  9:46  Overlord  
  181  9:50  Baneling  
  181  9:51  Baneling x13  
  181  9:54  Overlord x2  
  181  9:56  Drone, Hatchery  
  181  10:07  Baneling x9  
  181  10:08  Baneling x6  
  181  10:10  Zergling x14  
  188  10:19  Baneling x10  
  185  10:33  Zergling x32  
  188  10:41  Zerg Melee Weapons Level 2  
  179  10:44  Infestation Pit  
  179  10:45  Ravager x4  
  180  10:56  Zergling x24  
  180  10:57  Zergling x4  
  190  11:05  Baneling x14  
  190  11:07  Drone x3  
  193  11:11  Drone x4  
  169  11:39  Zergling x30, Roach x2  
  187  11:45  Baneling x6  
  187  11:46  Baneling x18  
  187  11:47  Drone x3  
  187  11:48  Drone  
  175  12:10  Hydralisk Den  
  171  12:19  Zergling x2  
  171  12:20  Zergling x36  
  172  12:38  Hive  
  172  12:40  Hydralisk x8  
  172  12:41  Hydralisk x2  
  172  12:43  Muscular Augments  
  189  12:50  Overlord  
  183  12:57  Zerg Missile Weapons Level 2  
  164  13:21  Hydralisk x14  
  172  13:32  Zergling x34  
  177  13:45  Hydralisk x7  
  177  13:46  Zergling x2  
  173  13:50  Viper x2  
  173  13:51  Hatchery  
  173  13:52  Viper  
  173  13:54  Grooved Spines  
  181  13:57  Baneling x11  
  181  14:13  Hydralisk x6  
  193  14:20  Lurker Den  
  192  14:25  Baneling x13  
  192  14:37  Zergling x18  
  184  14:45  Zergling x2  
  184  14:46  Zergling x32  
  198  14:58  Zergling x22  
  199  15:05  Hydralisk x3  
Tags
 
Add a new tag
Caveats
  • Supply blocks, unpowered buildings, or Contaminate may cause inaccurate times.
  • Supply counts are checked every 10 seconds.